 Dungeon Crawl Stone Soup version 0.29-a0-322-g68df515428 (webtiles) character file.

Game seed: 11007751773604753504

810 kae the Firebug (level 7, -6/61 HPs)
             Began as a Tengu Fire Elementalist on Apr 8, 2022.
             Mangled by an ice beast (12 damage)
             ... on level 5 of the Dungeon.
             The game lasted 00:03:45 (5814 turns).

kae the Firebug (Tengu Fire Elementalist)           Turns: 5814, Time: 00:03:45

Health: -6/61      AC: 23    Str:  9    XL:     7   Next: 92%
Magic:  13/13      EV:  2    Int: 17    God:
Gold:   218        SH:  0    Dex: 14    Spells: 4/13 levels left

rFire   . . .      SeeInvis .   j - +2 dagger (venom)
rCold   . . .      Faith    .   (no shield)
rNeg    . . .      Spirit   .   (body armour currently unavailable)
rPois   +          Reflect  .   (helmet currently unavailable)
rElec   .          Harm     .   (cloak currently unavailable)
rCorr   .          Rampage  .   (gloves currently unavailable)
Will    .....      NoTele   +   (boots unavailable)
Stlth   ++........              (no amulet)
HPRegen 0.20/turn               (no ring)
MPRegen 0.13/turn               (no ring)

@: tree-form (expiring)
A: stationary, stasis, torment immunity, boosted hp, (beak), (talons 3), nimble
flight
a: no special abilities


You were on level 5 of the Dungeon.
You were a tree.
You visited 1 branch of the dungeon, and saw 5 of its levels.

You collected 218 gold pieces.

Inventory:

Hand Weapons
 j - a +2 dagger of venom (weapon)
Missiles
 m - a throwing net
Armour
 a - a +1 robe (melded)
 p - a scarf of resistance (melded)
Wands
 c - a wand of flame (25)
Scrolls
 d - a scroll of noise {unknown}
 e - 2 scrolls of enchant weapon
 h - 3 scrolls of teleportation
Potions
 b - a potion of magic
 f - a potion of resistance
 k - a potion of degeneration {unknown}
 l - a potion of lignification
 n - a potion of heal wounds
 o - 3 potions of mutation {unknown}
 q - 3 potions of curing {unknown}


   Skills:
 + Level 3.3 Fighting
 + Level 3.4 Armour
 + Level 4.3 Dodging
 - Level 2.0 Stealth
 + Level 3.6 Spellcasting
 + Level 4.6 Conjurations
 + Level 5.0 Fire Magic


You had 4 spell levels left.
You knew the following spells:

 Your Spells              Type           Power      Damage    Failure   Level
a - Foxfire               Conj/Fire      76%        2x1d7     2%          1
b - Scorch                Fire           40%        2d7       3%          2
c - Conjure Flame         Conj/Fire      19%        6-21      7%          3
d - Inner Flame           Hex/Fire       11%        N/A       17%         3

Your spell library contained the following spells:

 Spells                   Type           Power      Damage    Failure   Level
 Flame Wave               Conj/Fire      19%        2d6       22%         4


Dungeon Overview and Level Annotations

Branches:
Dungeon (5/15)
 Temple: D:4-7

Altars:

Annotations:
D:3 Ijyb


Innate Abilities, Weirdness & Mutations

You are a tree.
Your roots penetrate the ground, keeping you stationary.
You cannot be teleported.
You are immune to unholy pain and torment.
Your maximum health is greatly increased.
Your equipment is partially melded.
((You have a beak for a mouth.))
((You have claws for feet.))
Your magical nature lets you fly swiftly and evasively.


Message History

The killer bee is heavily wounded.
The killer bee stings you but does no damage. x2
You barely miss the killer bee.
The killer bee is severely wounded.
The killer bee stings you but does no damage. x2
You closely miss the killer bee.
The killer bee is severely wounded.
The killer bee stings you but does no damage. x2
You miss the killer bee.
The killer bee is almost dead.
The killer bee stings you but does no damage.
The killer bee barely misses you.
You barely miss the killer bee.
The killer bee is almost dead.
You kill the killer bee!
You hit the ice beast but do no damage.
The ice beast is poisoned.
The ice beast hits you but does no damage.
You hit the ice beast but do no damage.
The ice beast is lightly wounded.
The ice beast hits you but does no damage.
You hit the ice beast.
The ice beast is lightly wounded.
The ice beast hits you but does no damage.
You hit the ice beast but do no damage.
The ice beast looks as sick as possible!
The ice beast is lightly wounded.
The sentinel's mark upon you fades away.
The ice beast hits you. The ice beast freezes you!
* * * LOW HITPOINT WARNING * * *
You hit the ice beast.
You punch the ice beast, but do no damage.
The ice beast is moderately wounded.
The ice beast hits you but does no damage.
You closely miss the ice beast.
The ice beast is heavily wounded.
Your transformation is almost over.
The ice beast hits you.
* * * LOW HITPOINT WARNING * * *
The ice beast freezes you!
You die...

... #.# #.# ####### #
#.# #.....# ######
#.###.# #..(..###.....
#.....###........<####
######..>..............#
......†.....>...######.#
....###♣##....### # .
##Y####..# # #).####..#
#...####.##.##..#
........#....#..#
....####........### #..
. ..............# ...
####......###.# ##
#......###.###...#


You could see an ice beast (extremely poisoned).

Vanquished Creatures
  An orc warrior (D:5)
  An ogre (D:3)
  A scorpion (D:5)
  3 killer bees (D:5)
  3 hounds (D:5)
  An iguana (D:4)
  Terence (D:2)
  An orc wizard (D:3)
  Natasha (thrice) (D:3)
  Robin (D:2)
  8 adders
  An ufetubus (D:5)
  3 worms (D:2)
  4 dart slugs
  12 orcs
  8 ball pythons
  5 endoplasms
  5 giant cockroaches
  11 goblins
  6 hobgoblins
  4 jackals (D:3)
  3 quokkas (D:3)
  2 bats
  3 frilled lizards
  6 kobolds
  4 rats
101 creatures vanquished.

Vanquished Creatures (collateral kills)
  3 foxfires (D:5)
3 creatures vanquished.

Vanquished Creatures (others)
  206 foxfires
  8 plants
214 creatures vanquished.

Grand Total: 318 creatures vanquished

Notes
Turn   | Place    | Note
-------+----------+-------------------------------------------
     0 | D:1      | kae the Tengu Fire Elementalist began the quest for the
                  | Orb.
     0 | D:1      | Reached XP level 1. HP: 10/10 MP: 4/4
   758 | D:1      | Reached XP level 2. HP: 12/16 MP: 1/6
  1454 | D:1      | Found a faded altar of an unknown god.
  1642 | D:2      | Noticed Robin
  1643 | D:2      | Reached skill level 1 in Fighting
  1654 | D:2      | Reached XP level 3. HP: 20/20 MP: 2/7
  1679 | D:2      | Killed Robin
  1680 | D:2      | Reached skill level 1 in Armour
  2162 | D:2      | Reached XP level 4. HP: 25/25 MP: 8/8
  2509 | D:2      | Learned a level 2 spell: Scorch
  2517 | D:2      | Learned a level 3 spell: Conjure Flame
  3097 | D:3      | Noticed Terence
  3122 | D:2      | Killed Terence
  3123 | D:2      | Gained mutation: Your magical nature lets you fly swiftly
                  | and evasively. [Tengu growth]
  3123 | D:2      | Reached XP level 5. HP: 7/30 MP: 1/9
  3404 | D:3      | Noticed Natasha
  3414 | D:3      | Killed Natasha
  3415 | D:3      | Reached skill level 4 in Fire Magic
  3503 | D:3      | Noticed an ogre
  3519 | D:3      | Killed an ogre
  3520 | D:3      | Reached XP level 6. HP: 35/35 MP: 4/11
  3580 | D:3      | Noticed Natasha
  3584 | D:3      | Killed Natasha
  3622 | D:3      | Noticed Natasha
  3637 | D:3      | Killed Natasha
  4223 | D:3      | Noticed Ijyb
  4781 | D:4      | Learned a level 3 spell: Inner Flame
  5354 | D:5      | Entered Level 5 of the Dungeon
  5473 | D:5      | Reached XP level 7. HP: 37/40 MP: 6/12
  5802 | D:5      | Reached skill level 5 in Fire Magic
  5814 | D:5      | Mangled by an ice beast

Illustrated notes

Levels and vault maps discovered:
D:1:      elethiomel_arrival_infinity_welcomes_careful_drivers,
          layout_loops_corners, shapermc_ecumenical_altar_mp_urbaneastern,
          serial_forest, infiniplex_forest_lined_3, infiniplex_forest_diagonal,
          infiniplex_forest_zigzag_2, infiniplex_forest_straight_4,
          infiniplex_forest_lined_1, infiniplex_forest_end_2,
          minmay_misc_feat_roman, dreamdust_princess_bridge
D:2:      layout_loops_ring, minmay_shallow_snake_nest, uniq_robin
D:3:      layout_basic, uniq_ijyb, uniq_terence, uniq_natasha,
          uniq_crazy_yiuf_cottage
D:4:      layout_rooms
D:5:      layout_loops_ring, serial_bayou_crossing

Skill      XL: |  1  2  3  4  5  6  7 |
---------------+----------------------+-----
Conjurations   | 2 3 4 |  4.6
Fighting       | 1 2 3 |  3.3
Armour         | 1 2 3 |  3.4
Dodging        | 3 4 |  4.3
Fire Magic     | 4 5 |  5.0
Spellcasting   | 3 |  3.6
Stealth        | |  2.0

Action                   |  1- 3 |  4- 6 |  7- 9 || total
-------------------------+-------+-------+-------++-------
Melee: Dagger            |    20 |   103 |    42 ||   165
       Kick              |     5 |    30 |     1 ||    36
       Peck              |     4 |    12 |     1 ||    17
       Punch             |     1 |       |     2 ||     3
 Cast: Foxfire           |    41 |    69 |    12 ||   122
       Scorch            |       |     9 |     2 ||    11
  Use: Scroll            |       |     7 |       ||     7
       Potion            |       |     6 |     1 ||     7
 Stab: Sleeping          |       |     5 |       ||     5
       Distracted        |       |     1 |       ||     1
Armor: Robe              |     6 |    14 |     1 ||    21
       Skin              |       |    27 |    38 ||    65
Dodge: Dodged            |    15 |    80 |    30 ||   125

Table legend: (Time is in decaauts)
 A = Elapsed time spent in this place.
 B = Non-inter-level travel time spent in this place.
 C = Inter-level travel time spent in this place.
 D = Time resting spent in this place.
 E = Time spent auto-exploring this place.
 F = Levels seen in this place.
 G = Mean time per level.
                   A        B        C        D        E       F      G
               +--------+--------+--------+--------+--------+-----+--------+
         Total |   5682 |   5566 |    116 |    169 |   4626 |   5 | 1136.4 |
       Dungeon |   5682 |   5566 |    116 |    169 |   4626 |   5 | 1136.4 |
               +--------+--------+--------+--------+--------+-----+--------+

Top non-repeatable levels by time:
     D:2: 1868 daAuts
     D:1: 1471 daAuts
     D:3: 1357 daAuts
     D:4: 548 daAuts
     D:5: 436 daAuts
